 Dungeon Crawl Stone Soup version 0.20.1-1-g8b1a95d (webtiles) character file.

1663 slep the Slasher (level 8, 0/49 HPs)
             Began as a Demonspawn Monk on Nov 6, 2017.
             Slain by a troll (7 damage)
             ... on level 6 of the Dungeon.
             The game lasted 00:32:33 (5667 turns).

slep the Slasher (Demonspawn Monk)                  Turns: 5667, Time: 00:32:33

Health: 0/49       AC: 12    Str: 13    XL:     8   Next: 69%
Magic:  8/8        EV:  8    Int: 12    God:
Gold:   396        SH:  4    Dex: 16    Spells: 7/7 levels left

rFire    . . .     SeeInvis .   a - +0 falchion
rCold    + . .     Gourm    .   (no shield)
rNeg     + . .     Faith    .   u - +0 chain mail (curse)
rPois    .         Spirit   .   z - +0 helmet
rElec    .         Reflect  .   H - +0 cloak
rCorr    .         Harm     .   (no gloves)
MR       .....                  (no boots)
Stlth    ..........             (no amulet)
Regen    0.2/turn               F - ring of protection from cold
MPRegen  0.2/turn               h - ring of positive energy

@: no status effects
A: hooves 1, large bone plates 1, frail 2, spiny 1
a: no special abilities


You were on level 6 of the Dungeon.
You were not hungry.

You visited 1 branch of the dungeon, and saw 6 of its levels.

You collected 396 gold pieces.

Inventory:

Hand Weapons
 a - a +0 falchion (weapon)
 y - a +2 dagger of freezing
Missiles
 A - 3 tomahawks of returning (quivered)
 C - 72 sling bullets
 D - 43 bolts
 J - 5 tomahawks of dispersal
Armour
 b - a +0 robe
 n - a +0 leather armour
 u - a cursed +0 chain mail (worn)
 z - a +0 helmet (worn)
 H - a +0 cloak (worn)
 M - a cursed +0 robe
Jewellery
 h - a ring of positive energy (right hand)
 m - an uncursed ring of resist corrosion
 F - a ring of protection from cold (left hand)
Scrolls
 e - 5 scrolls of remove curse {unknown}
 i - 3 scrolls of recharging {unknown}
 k - 2 scrolls of enchant weapon {unknown}
 l - 2 scrolls of identify {unknown}
 q - 2 scrolls of enchant armour {unknown}
 r - 3 scrolls of blinking {unknown}
 t - a scroll of fog {unknown}
 x - 3 scrolls of fear {unknown}
 E - a scroll of vulnerability {unknown}
 G - a scroll of brand weapon {unknown}
 K - a scroll of noise {unknown}
Potions
 d - a potion of haste
 f - a potion of curing {unknown}
 j - 2 potions of degeneration {unknown}
 p - 2 potions of flight {unknown}
 s - a potion of might {unknown}
 v - a potion of brilliance {unknown}
 B - 4 potions of agility {unknown}
 L - a potion of mutation {unknown}
Books
 N - a book of Misfortune

   Spells                             Type                      Level
   a - Confusing Touch                Hexes                        1
   b - Confuse                        Hexes                        3
   c - Gell's Gravitas                Translocation                3
   d - Petrify                        Transmutation/Earth          4
   e - Metabolic Englaciation         Hexes/Ice                    5
   f - Yara's Violent Unravelling     Hexes/Transmutation          5
 O - the Collected Works on Enthralling Calling
   (You found it on level 6 of the Dungeon)

   Spells                             Type                      Level
   a - Slow                           Hexes                        2
   b - Call Imp                       Summoning                    2
   c - Inner Flame                    Hexes/Fire                   3
   d - Fulminant Prism                Conjuration/Hexes            4
   e - Discord                        Hexes                        8
Comestibles
 c - 5 bread rations
 g - 5 meat rations
 o - 2 royal jellies
 w - 3 fruits
 I - 3 chunks of flesh


   Skills:
 + Level 5.0 Fighting
 + Level 6.9 Long Blades
 + Level 4.9 Armour
 + Level 4.6 Dodging
 + Level 3.2 Stealth


You had 7 spell levels left.
You didn't know any spells.

Dungeon Overview and Level Annotations

Branches:
Dungeon (6/15)             Temple (0/1) D:6

Altars:
Makhleb
Okawaru

Shops:
D:5 [


Innate Abilities, Weirdness & Mutations

You have large cloven feet.
You are partially covered in large bone plates. (SH +4)
You are partially covered in sharp spines.
You are very frail. (-20% HP)


Message History

The troll claws you but does no damage.
You hit the troll.
The troll is lightly wounded.
The troll bites you but does no damage. You block the troll's attack. x2
Your chain mail prevents you from hitting the troll.
Your kick misses the troll.
The troll is lightly wounded.
The troll bites you. The troll claws you but does no damage.
The troll closely misses you.
You hit the troll.
The troll is lightly wounded.
You block the troll's attack. The troll claws you.
* * * LOW HITPOINT WARNING * * *
The troll claws you but does no damage.
You barely miss the troll. You kick the troll, but do no damage.
The troll is lightly wounded.
The troll is struck by your spines. The troll bites you.
* * * LOW HITPOINT WARNING * * *
You block the troll's attack. The troll claws you!
You die...

###<#......#..#......#
#...#......#..#......#
#.#.#..#####..#####..#
#...#......#..#......#
....#......#..#......#
....#####..#..#..#####
###.#...#..#..#..#..(#
#.#.8.#..#..#..#.)[#
#.#...'..#..#.@T[.$#
#.########..########
#..###......#..#
#.(.##.####.#..#
#...##.#..#)#..###
#...##.#.........#
#.#.##.##.#[####.#
###......##.#......#
................####


You could see a troll.

Vanquished Creatures
  Grinder (D:6)
  A soldier ant (D:6)
  2 ice beasts (D:6)
  2 sky beasts (D:6)
  2 ogres
  A phantom (D:4)
  A big kobold (D:6)
  A scorpion (D:4)
  A bullfrog zombie (D:5)
  2 crimson imps (D:6)
  Crazy Yiuf (D:5)
  2 hounds (D:6)
  2 bullfrog skeletons (D:6)
  2 iguanas
  A centaur skeleton (D:6)
  An orc wizard (D:4)
  3 worker ants
  A hound skeleton (D:4)
  A worker ant zombie (D:5)
  7 adders
  2 oozes
  2 dart slugs (D:2)
  3 leopard geckos
  10 orcs
  6 bats
  3 giant cockroaches
  6 goblins
  12 hobgoblins
  13 jackals
  12 kobolds
  4 quokkas
  4 frilled lizards
  7 rats
  A plant (D:2)
120 creatures vanquished.

Vanquished Creatures (others)
  5 toadstools (D:1)
5 creatures vanquished.

Grand Total: 125 creatures vanquished

Notes
Turn   | Place    | Note
-------+----------+-------------------------------------------
     0 | D:1      | slep the Demonspawn Monk began the quest for the Orb.
     0 | D:1      | Reached XP level 1. HP: 18/18 MP: 1/1
   135 | D:1      | Gained mutation: You are partially covered in large bone plates. (SH +4) [demonic ancestry]
   135 | D:1      | Reached XP level 2. HP: 11/24 MP: 2/2
   328 | D:1      | Reached skill level 3 in Long Blades
   437 | D:1      | Gained mutation: You are partially covered in sharp spines. [demonic ancestry]
   437 | D:1      | Reached XP level 3. HP: 14/29 MP: 3/3
  2151 | D:3      | Reached XP level 4. HP: 24/35 MP: 4/4
  2685 | D:4      | Reached XP level 5. HP: 32/41 MP: 5/5
  2737 | D:4      | Noticed a phantom
  2766 | D:4      | Killed a phantom
  2766 | D:4      | Reached skill level 4 in Long Blades
  2766 | D:4      | Reached skill level 1 in Armour
  2917 | D:4      | Reached XP level 6. HP: 11/47 MP: 6/6
  2918 | D:4      | Found an iron altar of Okawaru.
  3034 | D:4      | Found a burning altar of Makhleb.
  3243 | D:5      | Entered Level 5 of the Dungeon
  3788 | D:5      | HP: 2/48 [iguana (10)]
  4139 | D:5      | Found a runed door.
  4242 | D:5      | Found Byugolecw's Armour Emporium.
  4423 | D:5      | Noticed Crazy Yiuf
  4430 | D:5      | Killed Crazy Yiuf
  4430 | D:5      | Reached skill level 5 in Long Blades
  4430 | D:5      | Gained mutation: You have large cloven feet. [demonic ancestry]
  4430 | D:5      | Reached XP level 7. HP: 50/53 MP: 7/7
  4975 | D:6      | Noticed Grinder
  4976 | D:6      | Paralysed by Grinder for 7 turns
  5000 | D:6      | Paralysed by Grinder for 2 turns
  5002 | D:6      | Killed Grinder
  5002 | D:6      | Reached skill level 6 in Long Blades
  5158 | D:6      | Found a staircase to the Ecumenical Temple.
  5263 | D:6      | Reached XP level 8. HP: 61/61 MP: 8/8
  5571 | D:6      | Reached skill level 5 in Fighting
  5582 | D:6      | Gained mutation: You are frail. (-10% HP) [mutagenic meat]
  5583 | D:6      | Gained mutation: You are very frail. (-20% HP) [mutagenic meat]
  5590 | D:6      | Identified the Collected Works on Enthralling Calling
  5648 | D:6      | Noticed a troll
  5667 | D:6      | Slain by a troll

Skill      XL: |  1  2  3  4  5  6  7  8 |
---------------+-------------------------+-----
Dodging        | 3 4 |  4.6
Long Blades    | 3 4 5 6 |  6.9
Stealth        | 2 3 |  3.2
Armour         | 1 2 3 4 |  4.9
Fighting       | 4 5 |  5.0

Action                   |  1- 3 |  4- 6 |  7- 9 || total
-------------------------+-------+-------+-------++-------
Melee: Falchion          |   191 |   130 |   176 ||   497
       Kick              |       |       |    60 ||    60
  Use: Potion            |       |     2 |     1 ||     3
 Stab: Sleeping          |     4 |       |       ||     4
       Distracted        |     1 |       |       ||     1
  Eat: Chunk             |     4 |     6 |     8 ||    18
Armor: Robe              |    15 |       |       ||    15
       Chain mail        |       |    48 |    88 ||   136
       Leather armour    |       |     1 |       ||     1
Dodge: Dodged            |    83 |    32 |    49 ||   164
Block: Other             |    21 |    19 |    30 ||    70
       Rpst.: Falchion   |    29 |    13 |     9 ||    51
